 Dungeon Crawl Stone Soup version 0.25-a0-503-ge281fa673e (webtiles) character file.

Game seed: 6515993323438177325, levelgen mode: classic

20 EnegeticOcto the Covered (level 2, -3/27 HPs)
             Began as a Deep Dwarf Fighter on Feb 13, 2020.
             Slain by Sigmund
             ... wielding a +0 scythe
              (5 damage)
             ... on level 2 of the Dungeon.
             The game lasted 00:00:29 (237 turns).

EnegeticOcto the Covered (Deep Dwarf Fighter)        Turns: 237, Time: 00:00:30

Health: -3/27      AC:  8    Str: 19    XL:     2   Next: 58%
Magic:  1/1        EV:  7    Int:  8    God:
Gold:   28         SH:  9    Dex: 12    Spells: 1/1 levels left

rFire    . . .     SeeInvis .   a - +0 war axe
rCold    . . .     Gourm    .   c - +0 kite shield
rNeg     . . .     Faith    .   b - +0 scale mail
rPois    .         Spirit   .   (no helmet)
rElec    .         Reflect  .   (no cloak)
rCorr    .         Harm     .   g - +0 pair of gloves (curse)
MR       .....                  (no boots)
Stlth    ..........             (no amulet)
HPRegen  0.00/turn              (no ring)
MPRegen  0.07/turn              (no ring)

@: non-regenerating
A: damage resistance, heal wounds, sense surroundings 1, no regeneration
a: Heal Wounds


You were on level 2 of the Dungeon.
You were not hungry.

You visited 1 branch of the dungeon, and saw 2 of its levels.

You collected 28 gold pieces.

Inventory:

Hand Weapons
 a - a +0 war axe (weapon)
Armour
 b - a +0 scale mail (worn)
 c - a +0 kite shield (worn)
 g - a cursed +0 pair of gloves (worn)
Jewellery
 j - an uncursed ring of stealth {unknown}
Scrolls
 f - a scroll of magic mapping {unknown}
 i - 2 scrolls of identify {unknown}
Comestibles
 e - 2 rations
 h - 6 chunks of flesh


   Skills:
 + Level 2.9 Fighting
 * Level 2.7 Axes
 + Level 3.4 Armour
 + Level 0.6 Dodging
 + Level 3.4 Shields


You had one spell level left.
You didn't know any spells.
Your spell library was empty.

Dungeon Overview and Level Annotations

Branches:
Dungeon (2/15)

Altars:
Ru

Annotations:
D:2 Sigmund


Innate Abilities, Weirdness & Mutations

You are resistant to damage.
You can heal yourself by infusing magical energy.
You passively map a small area around you.
You do not regenerate.


Message History

Something hits you but does no damage.
You feel much better.
Your health is already full.
You completely miss something. You block something's attack.
You completely miss something. You block something's attack.
You miss something. Something hits you.
You miss something.
You hear some strange, mumbled words.
You are confused.
You bump into the rock wall.
Something hits you. Something hits you.
You're too confused!
You're too confused to move!
Something hits you but does no damage.
You miss something.
You feel less confused. Something hits you.
You closely miss something. Something hits you but does no damage.
You closely miss something.
You hear some strange, mumbled words.
A puff of flame appears from out of thin air!
The puff of flame hits you.
You feel much better.
You hear some strange, mumbled words.
You are confused.
You closely miss something. Something hits you.
You completely miss something.
Sigmund appears from thin air!
Reactivating autopickup.
Sigmund points at you and mumbles some strange words.
You are more confused.
You're too confused!
You barely miss Sigmund.
Sigmund is heavily wounded.
Sigmund is no longer unusually agile.
Sigmund gestures wildly while chanting.
Sigmund flickers and vanishes!
Deactivating autopickup; reactivate with Ctrl-A.
Something hits you!
You hear some strange, mumbled words.
A magic dart appears from out of thin air!
The magic dart hits you but does no damage.
You're too confused!
Something hits you.
You feel a little less mighty now. Something hits you but does no damage.
You feel less confused. Something hits you.
You miss something.
You fail to use your ability.
Something hits you!
* * * LOW HITPOINT WARNING * * *
You miss something. Something hits you but does no damage.
Your shield and scale mail prevent you from hitting something.
You block something's attack.
You feel much better. Something hits you.
Your magical essence is drained by the effort!
You feel much better.
You completely miss something. Something hits you.
You closely miss something. Something hits you!
You completely miss something. Something hits you but does no damage.
You miss something. Something hits you but does no damage.
You feel much better.
You hear some strange, mumbled words.
You are confused.
You completely miss something. Something hits you. Something hits you.
Something hits you but does no damage.
You miss something. Something hits you.
You completely miss something.
You hear some strange, mumbled words.
Something tries to affect you, but you resist.
You feel less confused. Something hits you but does no damage.
Something hits you! Something hits you!
* * * LOW HITPOINT WARNING * * *
You feel much better.
Your shield and scale mail prevent you from hitting something.
Something hits you!
You barely miss something. Something hits you.
You hit something. Something hits you but does no damage.
You closely miss something. Something hits you.
Your shield and scale mail prevent you from hitting something.
Sigmund appears from thin air!
Reactivating autopickup.
Sigmund laughs darkly.
You block Sigmund's attack.
You hit Sigmund.
Sigmund is severely wounded.
Sigmund hits you with a +0 scythe!
* * * LOW HITPOINT WARNING * * *
You barely miss Sigmund.
Sigmund is severely wounded.
Sigmund casts a spell at you.
The magic dart hits you but does no damage.
You miss Sigmund.
Sigmund is severely wounded.
You block Sigmund's attack.
You closely miss Sigmund.
Sigmund is severely wounded.
Sigmund hits you with a +0 scythe!
You die...

, , .# , , * * * * .. * *.#
, .... ##.# * ..... #..* ,
..... #.###### .....####
###......# , *
......[.###........#### ,
.8......@.....<.......# ≈
.8.....@..####......# *
.≈.##.....# ##.≈≈÷≈# ≈
.≈≈≈≈.....####≈≈≈≈≈≈#
≈≈≈≈..≈≈≈≈≈≈≈..#≈≈≈≈≈≈≈≈≈#
≈..≈≈≈≈≈≈≈≈≈≈≈≈≈≈≈≈≈≈≈#
≈..≈≈≈≈≈≈≈≈≈≈≈≈≈≈≈≈≈######
*
,8..8.≈≈≈≈≈≈≈≈≈≈≈≈≈.......#
.8..8.#..≈≈≈≈≈≈≈##........#


You could see Sigmund.

Vanquished Creatures
  An ooze (D:2)
  A worm (D:2)
  A dart slug (D:1)
  2 bats (D:2)
  A giant cockroach (D:2)
  A goblin (D:2)
  A hobgoblin (D:2)
  A frilled lizard (D:1)
  2 rats (D:1)
11 creatures vanquished.

Notes
Turn   | Place    | Note
-------+----------+-------------------------------------------
     0 | D:1      | EnegeticOcto the Deep Dwarf Fighter began the quest for the
                  | Orb.
     0 | D:1      | Reached XP level 1. HP: 20/20 MP: 1/1
    99 | D:2      | Found a sacrificial altar of Ru.
   107 | D:2      | Reached XP level 2. HP: 24/27 MP: 2/2
   162 | D:2      | Noticed Sigmund
   237 | D:2      | Slain by Sigmund

Levels and vault maps discovered:
D:1:      dpeg_arrival_arbitrary_c, layout_loops_ring, minmay_lizard_king
D:2:      wander_river, layout_rooms, lemuel_crystal_altar, first_ration,
          uniq_sigmund

Action                   || total
-------------------------++-------
Melee: War axe           ||    74
 Abil: Heal Wounds       ||     8
  Use: Potion            ||     1
Armor: Scale mail        ||    36
Dodge: Dodged            ||    12
Block: Kite shield       ||    17

Table legend:
 A = Non-vault XP
 B = Vault XP
 C = Vault XP percentage of total XP
 D = Non-vault monster count
 E = Vault monster count
 F = Vault count percentage of total count
                 A         B        C        D         E       F
            +---------+---------+-------+---------+---------+-------
      Total |      29 |       0 |   0.0 |      11 |       0 |   0.0
            +---------+---------+-------+---------+---------+-------
        D:1 |       7 |       0 |   0.0 |       4 |       0 |   0.0
        D:2 |      22 |       0 |   0.0 |       7 |       0 |   0.0
            +---------+---------+-------+---------+---------+-------
